 Dungeon Crawl Stone Soup version 0.25.0-26-g0c896c7088 (webtiles) character file.

Game seed: 4394450820806993362

460 mortelune the Chopper (level 6, 0/49 HPs)
             Began as a Demonspawn Chaos Knight on July 3, 2020.
             Was a Follower of Kikubaaqudgha.
             Slain by a worker ant (10 damage)
             ... on level 4 of the Dungeon.
             The game lasted 00:05:53 (2944 turns).

mortelune the Chopper (Demonspawn Chaos Knight)     Turns: 2944, Time: 00:05:54

Health: 0/49       AC:  8    Str: 13    XL:     6   Next: 78%
Magic:  6/6        EV: 11    Int: 13    God:    Kikubaaqudgha [*.....]
Gold:   155        SH:  4    Dex: 12    Spells: 5/5 levels left

rFire    . . .     SeeInvis +   a - +0 hand axe (chaos)
rCold    + . .     Gourm    .   (no shield)
rNeg     . . .     Faith    .   b - +2 leather armour
rPois    +         Spirit   .   (helmet restricted)
rElec    .         Reflect  .   g - +0 cloak
rCorr    .         Harm     .   k - +1 pair of gloves
MR       +....                  (no boots)
Stlth    ++........             (no amulet)
HPRegen  0.16/turn              (no ring)
MPRegen  0.10/turn              (no ring)

@: no status effects
A: antennae 1, large bone plates 1, see invisible, cold resistance 1, magic
resistance 1, nightstalker 1, poison resistance, weak 1, MP-powered wands
a: Receive Corpses, Renounce Religion


You were on level 4 of the Dungeon.
You worshipped Kikubaaqudgha.
Kikubaaqudgha was aware of your devotion.
You were hungry.

You visited 1 branch of the dungeon, and saw 4 of its levels.

You collected 155 gold pieces.

Inventory:

Hand Weapons
 a - a +0 hand axe of chaos (weapon)
Missiles
 j - 26 poisoned darts (quivered)
Armour
 b - a +2 leather armour (worn)
 d - a +2 helmet
 g - a +0 cloak (worn)
 k - a +1 pair of gloves (worn)
Jewellery
 m - an uncursed ring of magical power {unknown}
Wands
 D - a wand of digging (3)
Scrolls
 e - a scroll of fear
 h - 3 scrolls of enchant armour
 l - 4 scrolls of remove curse
 n - a scroll of magic mapping {unknown}
 q - 3 scrolls of identify {unknown}
 r - 2 scrolls of amnesia {unknown}
 s - 4 scrolls of teleportation {unknown}
 t - a scroll of enchant weapon {unknown}
Potions
 f - a potion of lignification
 i - a potion of stabbing {unknown}
Comestibles
 c - 5 rations


   Skills:
 + Level 4.5 Fighting
 * Level 5.3 Axes
 + Level 3.6 Armour
 - Level 0.8 Dodging


You had 5 spell levels left.
You didn't know any spells.
Your spell library contained the following spells:

 Spells                   Type           Power        Failure   Level  Hunger
 Animate Skeleton         Necr           N/A          36%         1    ##.....
 Pain                     Necr           #...         36%         1    ##.....
 Sublimation of Blood     Necr           #.........   50%         2    ###....
 Vampiric Draining        Necr           #.........   75%         3    ####...


Dungeon Overview and Level Annotations

Branches:
Dungeon (4/15)
 Temple: D:4-7

Altars:
Kikubaaqudgha
Xom

Annotations:
Abyss:1 Jessica


Innate Abilities, Weirdness & Mutations

You have a pair of small antennae on your head.
You are partially covered in large bone plates. (SH +4)
You are slightly more attuned to the shadows.
You have supernaturally acute eyesight. (SInv)
Your flesh is cold resistant. (rC+)
You are resistant to hostile enchantments. (MR+)
Your system is resistant to poisons. (rPois)
You are weak. (Str -2)
You expend magic power (3 MP) to strengthen your wands.


Message History

The worker ant poisons you!
You hit the worker ant.
The worker ant is moderately wounded.
You feel sick. The worker ant bites you!
* * * LOW HITPOINT WARNING * * *
You hit the worker ant.
The worker ant goes berserk!
The worker ant is moderately wounded.
You feel sick. The worker ant closely misses you. x2
You barely miss the worker ant.
The worker ant is moderately wounded.
You block the worker ant's attack. The worker ant bites you.
* * * LOW HITPOINT WARNING * * *
You closely miss the worker ant.
The worker ant is moderately wounded.
You feel sick. The worker ant bites you.
* * * LOW HITPOINT WARNING * * *
The worker ant bites you but does no damage.
You feel better. The worker ant bites you!
You die...
Kikubaaqudgha rasps: "You have failed me!
Welcome... death!"

... .... .... ..... {
#<...#### {######
#.......####..P..#####
..#..................
. ###...a@.##......#
.. #####..#...##.†##
... #..##...<..†.#....
#.....#$.......... .
###....###..........
..#.......###.........
...........#......#.#.
...............######
..........†....#


You could see a worker ant (berserk, strong, agile).

Vanquished Creatures
  Grinder (D:3)
  A sky beast (D:4)
  A bullfrog zombie (D:3)
  A worker ant (D:4)
  3 adders
  An ooze (D:4)
  A dart slug (D:2)
  2 worms (D:3)
  4 leopard geckos
  9 bats
  4 giant cockroaches
  9 goblins
  9 hobgoblins
  2 jackals (D:2)
  4 quokkas
  5 frilled lizards
  6 kobolds
  9 rats
72 creatures vanquished.

Vanquished Creatures (collateral kills)
  2 jackals (D:2)
2 creatures vanquished.

Grand Total: 74 creatures vanquished

Notes
Turn   | Place    | Note
-------+----------+-------------------------------------------
     0 | D:1      | mortelune the Demonspawn Chaos Knight began the quest for
                  | the Orb.
     0 | D:1      | Reached XP level 1. HP: 18/18 MP: 1/1
     6 | D:1      | XOM: silly message
   129 | D:1      | Reached skill level 3 in Axes
   156 | D:1      | Gained mutation: You are partially covered in large bone
                  | plates. (SH +4) [demonic ancestry]
   156 | D:1      | Reached XP level 2. HP: 23/24 MP: 2/2
   962 | D:1      | XOM: give mutation
   962 | D:1      | Gained mutation: Your system is resistant to poisons.
                  | (rPois) [Xom's grace]
  1036 | D:1      | XOM: give mutations
  1036 | D:1      | Gained mutation: You are resistant to hostile enchantments.
                  | (MR+) [Xom's grace]
  1036 | D:1      | Gained mutation: You have supernaturally acute eyesight.
                  | (SInv) [Xom's grace]
  1036 | D:1      | Gained mutation: You expend magic power (3 MP) to
                  | strengthen your wands. [Xom's grace]
  1036 | D:1      | Gained mutation: Your flesh is cold resistant. (rC+) [Xom's
                  | grace]
  1109 | D:2      | Gained mutation: You are slightly more attuned to the
                  | shadows. [demonic ancestry]
  1109 | D:2      | Reached XP level 3. HP: 27/29 MP: 3/3
  1836 | D:3      | XOM: silly message
  1855 | D:3      | XOM: potion effect (haste)
  1922 | D:3      | Reached XP level 4. HP: 35/35 MP: 4/4
  1957 | D:3      | Noticed Grinder
  1964 | D:3      | XOM: confusion (+ monsters)
  1971 | D:3      | Paralysed by Grinder for 7 turns
  1973 | D:3      | XOM: smoke on damage
  1983 | D:3      | XOM: scenery: create altars
  1986 | D:3      | Killed Grinder
  1986 | D:3      | Reached skill level 4 in Axes
  1986 | D:3      | Reached XP level 5. HP: 16/42 MP: 5/5
  2050 | D:3      | XOM: noise
  2292 | D:3      | Gained mutation: You have a pair of small antennae on your
                  | head. [demonic ancestry]
  2292 | D:3      | Reached XP level 6. HP: 47/48 MP: 6/6
  2471 | D:3      | Noticed Jessica
  2485 | D:3      | Banished Jessica
  2619 | D:3      | Found a faded altar of an unknown god.
  2659 | D:3      | Fell from the grace of Xom
  2659 | D:3      | Became a worshipper of Kikubaaqudgha
  2659 | D:3      | Reached * piety under Kikubaaqudgha
  2659 | D:3      | Identified Kikubaaqudgha's Collected Works on Black Secrets
                  | (Kikubaaqudgha gifted it to you on level 3 of the Dungeon)
  2659 | D:3      | Received a gift from Kikubaaqudgha
  2743 | D:3      | Reached skill level 5 in Axes
  2819 | D:4      | Noticed a sky beast
  2850 | D:4      | Killed a sky beast
  2923 | D:4      | XOM: give mutation
  2923 | D:4      | Gained mutation: You are weak. (Str -2) [Xom's mischief]
  2944 | D:4      | Slain by a worker ant

Illustrated notes

Levels and vault maps discovered:
D:1:      lemuel_arrival_hallway, layout_basic, hangedman_decor_points
D:2:      layout_basic
D:3:      layout_basic, chequers_ecumenical_altar_simple_redux, uniq_grinder,
          uniq_jessica
D:4:      corexii_shantytown, layout_cave_pools, first_ration

Skill      XL: |  1  2  3  4  5  6 |
---------------+-------------------+-----
Axes           | 3 4 5 |  5.3
Armour         | 2 3 |  3.6
Fighting       | 4 |  4.5
Dodging        | |  0.8

Action                   |  1- 3 |  4- 6 || total
-------------------------+-------+-------++-------
Melee: Hand axe          |   128 |   122 ||   250
  Use: Scroll            |     4 |       ||     4
       Potion            |       |     6 ||     6
 Stab: Petrified         |     2 |     1 ||     3
       Petrifying        |     2 |       ||     2
       Sleeping          |     1 |     3 ||     4
  Eat: Chunk             |     3 |     3 ||     6
Armor: Leather armour    |    47 |    52 ||    99
       Skin              |       |     5 ||     5
Dodge: Dodged            |    83 |    53 ||   136
Block: Other             |    17 |    17 ||    34
